 Dungeon Crawl Stone Soup version 0.25.1-2-g60ff931df9 (webtiles) character file.

Game seed: 3053216925957057329

168147 flotson the Severer (level 17, -4/135 HPs)
             Began as a Demonspawn Monk on Oct 13, 2020.
             Was an Elder of Fedhas.
             Engulfed by a blizzard demon's freezing vapour (8 damage)
             ... summoned by a deep elf demonologist
             ... on level 3 of the Elven Halls.
             The game lasted 01:16:55 (31003 turns).

flotson the Severer (Demonspawn Monk)              Turns: 31003, Time: 01:16:55

Health: -4/135     AC: 24    Str: 19    XL:     17   Next: 33%
Magic:  0/8        EV: 16    Int: 13    God:    Fedhas [****..]
Gold:   3038       SH: 12    Dex: 17    Spells: 16/16 levels left

rFire    . . .     SeeInvis .   a - +5 broad axe (antimagic)
rCold    . . .     Gourm    .   Y - +1 kite shield {AC+3}
rNeg     + . .     Faith    .   r - +3 scale mail {MR+}
rPois    .         Spirit   +   (helmet unavailable)
rElec    .         Reflect  .   L - scarf {+Inv}
rCorr    +         Harm     .   E - +2 pair of gloves {Str+3}
MR       +++..                  D - +0 pair of boots
Stlth    +.........             t - amulet "Elladod" {rN+ Regen+}
HPRegen  0.72/turn              J - +4 ring of slaying
MPRegen  0.22/turn              B - ring of protection from magic

@: no status effects
A: horns 3, yellow scales 3, spiny 2, magic shield, magic regeneration, magic
link
a: Wall of Briars, Grow Ballistomycete, Overgrow, Renounce Religion, Evoke
Invisibility


You were on level 3 of the Elven Halls.
You worshipped Fedhas.
Fedhas was greatly pleased with you.
You were not hungry.

You visited 5 branches of the dungeon, and saw 27 of its levels.
You also visited: Sewer.

You collected 3038 gold pieces.

Inventory:

Hand Weapons
 a - a +5 antimagic broad axe (weapon)
 b - a +5 broad axe
Missiles
 F - 2 datura-tipped darts (quivered)
 M - 6 throwing nets
 P - 4 curare-tipped darts
Armour
 r - a +3 scale mail of magic resistance (worn)
 y - +0 swamp dragon scales
 D - a +0 pair of boots (worn)
 E - a +2 pair of gloves of strength (worn)
 L - a scarf of invisibility (worn)
 W - +0 storm dragon scales
 Y - a +1 kite shield of protection (worn)
Jewellery
 k - an uncursed ring of protection from fire
 t - the amulet "Elladod" (around neck) {rN+ Regen+}
   (You acquired it on level 2 of the Lair of Beasts)

   [amulet of regeneration]

   It protects you from negative energy.
   It increases your rate of regeneration.
 B - a ring of protection from magic (right hand)
 J - a +4 ring of slaying (left hand)
 T - the ring "Qoli" {rC+ Str+6 Int+4}
   (You acquired it on level 2 of the Lair of Beasts)

   [ring of strength]

   It affects your strength (+6).
   It affects your intelligence (+4).
   It protects you from cold.
Wands
 d - a wand of acid (27)
 v - a wand of paralysis (9)
 z - a wand of iceblast (18)
 G - a wand of disintegration (43)
 Q - a wand of polymorph (9)
 R - a wand of clouds (4)
 Z - a wand of digging (9)
Scrolls
 e - 9 scrolls of remove curse
 h - a scroll of blinking
 j - 4 scrolls of immolation
 l - 9 scrolls of magic mapping
 p - 4 scrolls of fear
 u - 6 scrolls of fog
 w - 8 scrolls of teleportation
 C - 3 scrolls of enchant armour
 K - 13 scrolls of identify
 N - a scroll of silence
 U - a scroll of summoning
Potions
 c - 5 potions of might
 g - 3 potions of ambrosia
 i - a potion of invisibility
 n - 4 potions of curing
 o - 6 potions of cancellation
 q - 4 potions of heal wounds
 s - 6 potions of flight
 A - 3 potions of lignification
 H - 2 potions of resistance
 I - 4 potions of berserk rage
 O - 2 potions of mutation
 V - 4 potions of haste
Comestibles
 f - 56 rations


   Skills:
 + Level 12.6 Fighting
 + Level 16.4 Axes
 - Level 7.1 Throwing
 + Level 11.4 Armour
 + Level 11.8 Dodging
 - Level 4.0 Stealth
 * Level 6.9 Shields
 - Level 12.0 Invocations
 + Level 10.9 Evocations


You had 16 spell levels left.
You didn't know any spells.
Your spell library contained the following spells:

 Spells                   Type           Power        Failure   Level  Hunger
 Freeze                   Ice            #...         91%         1    ##.....
 Blink                    Tloc           N/A          97%         2    ###....
 Shroud of Golubria       Chrm/Tloc      #.....       97%         2    ###....
 Frozen Ramparts          Ice            #.....       99%         3    ####...
 Gell's Gravitas          Tloc           #.........   99%         3    ####...
 Lesser Beckoning         Tloc           #.........   99%         3    ####...
 Ozocubu's Armour         Chrm/Ice       #.......     99%         3    ####...
 Teleport Other           Tloc           #.......     99%         3    ####...
 Hailstorm                Conj/Ice       #.......     100%        4    #####..
 Passage of Golubria      Tloc           N/A          100%        4    #####..
 Summon Ice Beast         Ice/Summ       #.......     100%        4    #####..
 Irradiate                Conj/Tmut      #.........   100%        5    ######.
 Hydra Form               Tmut           #.........   100%        6    #######
 Statue Form              Tmut/Erth      #........    100%        6    #######
 Dragon Form              Tmut           #.........   100%        7    #######


Dungeon Overview and Level Annotations

Branches:
Dungeon (15/15)            Temple (1/1) D:5            Lair (6/6) D:10
  Swamp (0/4) Lair:4       Spider (0/4) Lair:3        Slime (0/5) Lair:6
    Orc (2/2) D:10            Elf (3/3) Orc:2        Vaults (0/5) D:14
 Depths (0/5) D:15          Sewer (visited)

Altars:
Ashenzari
Cheibriados
Dithmenos
Elyvilon
Fedhas
Hepliaklqana
Kikubaaqudgha
Makhleb
Nemelex Xobeh
Okawaru
Qazlal
Ru
Sif Muna
Wu Jian
Yredelemnul
Zin
The Shining One
Beogh
Jiyva

Shops:
Orc:2 [(}[

Portals:
Trove: D:10 (show abyssal rune of Zot)

Annotations:
D:10 3 runed translucent doors, hawla's ghost, novice MiAr


Innate Abilities, Weirdness & Mutations

You have a pair of large horns on your head.
You are completely covered in yellow scales. (AC +4, rCorr)
You are mostly covered in sharp spines.
When hurt, damage is shared between your health and your magic reserves.
You regenerate magic rapidly.
When low on magic, you restore magic in place of health.


Message History

You feel sick.
You feel sick.
You feel sick.
You feel sick. The blizzard demon gestures at you.
The bolt of lightning hits you!!
* * * LOW HITPOINT WARNING * * *
You feel sick. The blizzard demon gestures at you.
The freezing blast misses you.
There is an open door here.
You feel better.
You are engulfed in freezing vapours.
* * * LOW HITPOINT WARNING * * *
The deep elf elementalist casts a spell at you.
Some walls begin to move on their own!
You hear a shout!
You can't go up here!
You are engulfed in freezing vapours.
You die...
Fedhas appreciates your contribution to the ecosystem.

#.## ##.##.##.......###.##.......
.## ##.#.#.........##.#.()8...8
..## ##.2.3'.........'....(......
##.###..##.#2........####...#.8.#
#..#...3..##.......## ##)##..##
###.#########☼.☼○§## ####..#
####3####### ##E§E## #.##
#...§P*#...####.☼## #.#
#.##3#*......###@.# #.#
#.##e#.......# #○## #.#
#.##.........###.## #.#
#............##...## #.#
######.......#.....# #.#
###...####e..## ##### #E# ##.#.##
##.## ##.e.###.#
##.###.####?#####(eEeE...# #.##
##...[)...E)EE.E#####


You could see a blizzard demon (summoned), a deep elf elementalist (repels
missiles) and 2 earth elementals.

Vanquished Creatures
  Bai Suzhen (Elf:3)
  Rupert (D:14)
  A deep elf blademaster (Elf:3)
  A deep elf master archer (Elf:3)
  An iron dragon (Elf:1)
  A deep elf demonologist (Elf:1)
  2 deep elf annihilators (Elf:3)
  Snorg (Orc:1)
  A deep elf high priest (Elf:1)
  2 fire dragons
  13 hydras
  2 catoblepae (Lair:6)
  An ice dragon (D:15)
  3 centaur warriors
  4 ogre magi (Orc:2)
  2 death knights
  12 two-headed ogres
  A deep troll shaman (Lair:6)
  2 tengu warriors (D:14)
  25 dancing weapons
  A death yak (Lair:6)
  A queen ant (Lair:3)
  2 orc high priests
  Urug (D:14)
  11 deep elf knights
  A skeletal warrior (D:11)
  4 unseen horrors
  2 phantasmal warriors
  7 deep elf archers
  A wolf spider zombie (D:14)
  4 orc sorcerers
  An orb spider (Lair:3)
  42 deep elf magi
  7 ugly things
  2 orc knights (Orc:1)
  3 cyclopes
  14 elephants
  A centaur zombie (D:11)
  3 black mambas
  A manticore (D:12)
  3 centaur skeletons
  Maggie (D:6)
  12 spiny frogs
  A gargoyle (D:14)
  4 rime drakes
  9 komodo dragons
  A freezing wraith (D:12)
  13 trolls
  3 meliai (D:14)
  3 hornets
  2 polar bears
  8 blink frogs
  10 hippogriffs
  12 dream sheep (Lair:6)
  A shadow (D:15)
  3 water elementals (Elf:3)
  An air elemental (Elf:1)
  A vampire (D:15)
  4 wraiths
  8 wyverns
  67 yaks
  2 basilisks
  3 fire elementals
  A steam dragon (D:10)
  15 humans (D:14)
  A hog (shapeshifter) (Elf:1)
  5 hungry ghosts
  3 wargs
  2 vampire mosquitoes (D:14)
  A swamp worm (Lair:4)
  7 soldier ants (Lair:3)
  16 water moccasins
  12 porcupines
  An eye of draining (D:13)
  An ice beast (D:13)
  2 hornet zombies
  24 orc warriors
  5 phantoms
  2 sky beasts
  26 ogres
  3 black bears
  12 centaurs
  12 crocodiles
  9 wolves
  23 bullfrogs
  6 big kobolds
  3 earth elementals
  3 scorpions
  A scorpion (shapeshifter) (D:13)
  5 killer bees (D:12)
  14 wights
  2 electric eels (Lair:1)
  4 howler monkeys
  6 crimson imps
  A bullfrog zombie (D:10)
  A quasit (D:11)
  8 hounds
  6 jellies
  13 orc priests
  24 orc wizards
  9 iguanas
  37 worker ants
  5 hell rats (Lair:5)
  A hound zombie (D:8)
  A hound skeleton (D:4)
  A howler monkey zombie (D:6)
  2 worker ant zombies
  8 gnolls
  A howler monkey skeleton (D:5)
  9 river rats (D:5)
  15 adders
  5 shadow imps
  3 oozes
  An adder zombie (D:8)
  3 adder skeletons
  3 worms
  2 dart slugs (D:1)
  10 leopard geckos
  86 orcs
  6 giant cockroaches
  7 goblins
  5 hobgoblins
  3 jackals
  32 kobolds
  13 quokkas
  5 ball pythons
  11 bats
  5 frilled lizards
  2 leopard gecko skeletons
  A quokka skeleton (D:5)
  24 rats
  A ballistomycete spore (Orc:2)
955 creatures vanquished.

Vanquished Creatures (collateral kills)
  A deep elf blademaster (Elf:3)
  A deep elf master archer (Elf:3)
  A storm dragon (Elf:1)
  A deep elf sorcerer (Elf:3)
  A deep elf elementalist (Elf:3)
  Nessos (D:14)
  2 deep elf annihilators (Elf:3)
  A deep elf death mage (Elf:3)
  A deep elf high priest (Elf:1)
  A fire dragon (Elf:1)
  Harold (Lair:2)
  3 two-headed ogres (Orc:2)
  2 dancing weapons
  3 death yaks (Lair:6)
  2 deep elf knights (Elf:1)
  A small abomination (Elf:3)
  4 deep elf archers
  An orc sorcerer (Elf:1)
  2 deep elf magi
  A human (D:14)
  2 orc warriors
  8 ogres (Orc:2)
  2 orc priests (Elf:1)
  An orc wizard (Orc:2)
  9 orcs
  27 ballistomycete spores
80 creatures vanquished.

Vanquished Creatures (others)
  A yak (D:10)
  7 ballistomycete spores
  3 bushes (D:10)
  11 fungi
  28 plants
50 creatures vanquished.

Grand Total: 1085 creatures vanquished

Notes
Turn   | Place    | Note
-------+----------+-------------------------------------------
     0 | D:1      | flotson the Demonspawn Monk began the quest for the Orb.
     0 | D:1      | Reached XP level 1. HP: 18/18 MP: 1/1
   182 | D:1      | Gained mutation: You are partially covered in yellow
                  | scales. (AC +2) [demonic ancestry]
   182 | D:1      | Reached XP level 2. HP: 17/24 MP: 2/2
  1150 | D:2      | Found a white marble altar of Elyvilon.
  1157 | D:2      | Gained mutation: You have a pair of small horns on your
                  | head. [demonic ancestry]
  1157 | D:2      | Reached XP level 3. HP: 29/29 MP: 3/3
  1189 | D:2      | Reached skill level 3 in Axes
  1477 | D:2      | Found a shimmering blue altar of Sif Muna.
  1812 | D:2      | Found a hazy altar of Hepliaklqana.
  1855 | D:2      | Reached skill level 1 in Throwing
  1855 | D:2      | Reached skill level 1 in Armour
  1855 | D:2      | Gained mutation: You have a pair of horns on your head.
                  | [demonic ancestry]
  1855 | D:2      | Reached XP level 4. HP: 3/35 MP: 4/4
  2501 | D:2      | Reached XP level 5. HP: 39/42 MP: 5/5
  2753 | D:3      | Found an iron altar of Okawaru.
  3315 | D:3      | Reached XP level 6. HP: 41/48 MP: 6/6
  3605 | D:3      | Found a glowing golden altar of the Shining One.
  3642 | D:3      | Found a faded altar of an unknown god.
  4236 | D:3      | Found a faded altar of an unknown god.
  4321 | D:3      | Reached skill level 4 in Axes
  4548 | D:3      | Found a glowing golden altar of the Shining One.
  5182 | D:4      | Gained mutation: You have a pair of large horns on your
                  | head. [demonic ancestry]
  5182 | D:4      | Reached XP level 7. HP: 55/55 MP: 7/7
  6050 | D:4      | Reached skill level 5 in Fighting
  6131 | D:4      | Reached skill level 5 in Axes
  6387 | D:5      | Entered Level 5 of the Dungeon
  6395 | D:5      | Found a staircase to the Ecumenical Temple.
  6402 | Temple   | Entered the Ecumenical Temple
  6468 | Temple   | Became a worshipper of Fedhas Madash
  6468 | Temple   | Reached * piety under Fedhas
  6468 | Temple   | Reached ** piety under Fedhas
  6577 | D:5      | Found a glowing drain.
  6595 | Sewer    | Entered a sewer
  6636 | Sewer    | Gained mutation: When hurt, damage is shared between your
                  | health and your magic reserves. [demonic ancestry]
  6636 | Sewer    | Reached XP level 8. HP: 61/62 MP: 8/8
  6717 | Sewer    | Reached skill level 5 in Dodging
  6996 | D:5      | Reached *** piety under Fedhas
  7543 | D:5      | Reached skill level 6 in Axes
  8102 | D:6      | Found a glowing silver altar of Zin.
  8102 | D:6      | Found a basalt altar of Yredelemnul.
  8215 | D:6      | Gained mutation: You regenerate magic rapidly. [demonic
                  | ancestry]
  8215 | D:6      | Reached XP level 9. HP: 67/69 MP: 7/9
  8312 | D:6      | Noticed Maggie
  8326 | D:6      | Killed Maggie
  8326 | D:6      | Reached skill level 1 in Invocations
  8326 | D:6      | Reached skill level 1 in Evocations
  8595 | D:6      | Found an ancient bone altar of Kikubaaqudgha.
  8831 | D:7      | Reached skill level 7 in Axes
  8883 | D:7      | Reached skill level 5 in Armour
  8885 | D:7      | Reached **** piety under Fedhas
  9798 | D:7      | Found a shattered altar of Ashenzari.
 10188 | D:8      | Reached ***** piety under Fedhas
 10394 | D:8      | Gained mutation: You are partially covered in sharp spines.
                  | [demonic ancestry]
 10394 | D:8      | Reached XP level 10. HP: 65/77 MP: 9/12
 10545 | D:8      | Got a shimmering falchion
 10546 | D:8      | Identified the +8 falchion "Otaolab" {vorpal, Fragile Str+3
                  | Dex+4} (You found it on level 8 of the Dungeon)
 10740 | D:8      | Found a stormy altar of Qazlal.
 10740 | D:8      | Found a shadowy altar of Dithmenos.
 10741 | D:8      | Found a snail-covered altar of Cheibriados.
 10989 | D:9      | Reached skill level 8 in Axes
 10994 | D:9      | Got an ebony battleaxe
 10995 | D:9      | Identified the +6 battleaxe "Liroophaon" {vorpal, rF++ rN+}
                  | (You found it on level 9 of the Dungeon)
 11283 | D:9      | Noticed a two-headed ogre
 11310 | D:9      | Killed a two-headed ogre
 11539 | D:9      | Found a sacrificial altar of Ru.
 12043 | D:10     | Entered Level 10 of the Dungeon
 12048 | D:10     | Noticed a nine-headed hydra
 12049 | D:10     | Noticed hawla's ghost (novice MiAr)
 12050 | D:10     | Found a runed translucent gate.
 12050 | D:10     | Found a runed translucent gate.
 12050 | D:10     | Found a runed translucent gate.
 12179 | D:10     | Killed an unseen horror
 12179 | D:10     | Reached skill level 5 in Invocations
 12221 | D:10     | Found a glowing golden altar of the Shining One.
 12325 | D:10     | Gained mutation: You are mostly covered in yellow scales.
                  | (AC +3) [demonic ancestry]
 12325 | D:10     | Reached XP level 11. HP: 66/84 MP: 13/15
 12330 | D:10     | Reached skill level 9 in Axes
 12607 | D:10     | Found a staircase to the Lair.
 12885 | D:10     | Found a portal to a secret trove of treasure.
 12907 | D:10     | Found a staircase to the Orcish Mines.
 13263 | Lair:1   | Entered Level 1 of the Lair of Beasts
 14232 | Lair:2   | Reached skill level 5 in Evocations
 14234 | Lair:2   | Noticed a four-headed hydra
 14245 | Lair:2   | Killed a four-headed hydra
 14730 | Lair:2   | Reached skill level 5 in Throwing
 14745 | Lair:2   | Reached skill level 10 in Axes
 14745 | Lair:2   | Gained mutation: You are completely covered in yellow
                  | scales. (AC +4, rCorr) [demonic ancestry]
 14745 | Lair:2   | Reached XP level 12. HP: 93/93 MP: 17/17
 14908 | Lair:2   | Identified a scroll of acquirement
 14909 | Lair:2   | Acquired the amulet "Elladod" {rN+ Regen+}
 14926 | Lair:2   | Reached ****** piety under Fedhas
 15066 | Lair:2   | Noticed Harold
 15071 | Lair:2   | Killed Harold
 15107 | Lair:2   | Acquired the ring "Qoli" {rC+ Str+6 Int+4}
 15579 | Lair:2   | Acquired a manual of Axes
 15699 | Lair:3   | Noticed a six-headed hydra
 15709 | Lair:3   | Killed a six-headed hydra
 16149 | Lair:3   | Found a hole to the Spider Nest.
 16184 | Lair:3   | Noticed a four-headed hydra
 16193 | Lair:3   | Killed a four-headed hydra
 16193 | Lair:3   | Reached skill level 11 in Axes
 16384 | Lair:3   | Noticed a queen ant
 16412 | Lair:3   | Killed a queen ant
 16556 | Lair:4   | Noticed a five-headed hydra
 16564 | Lair:4   | Killed a five-headed hydra
 16741 | Lair:4   | Gained mutation: You are mostly covered in sharp spines.
                  | [demonic ancestry]
 16741 | Lair:4   | Reached XP level 13. HP: 82/101 MP: 17/19
 16845 | Lair:4   | Reached skill level 12 in Axes
 17642 | Lair:4   | Found a staircase to the Swamp.
 18145 | Lair:5   | Reached skill level 13 in Axes
 18636 | Lair:6   | Entered Level 6 of the Lair of Beasts
 18648 | Lair:6   | Reached skill level 10 in Invocations
 18819 | Lair:6   | Found a staircase to the Slime Pits.
 18819 | Lair:6   | Found a viscous altar of Jiyva.
 18846 | Lair:6   | Reached skill level 10 in Fighting
 19199 | Lair:6   | Reached skill level 14 in Axes
 19281 | Lair:6   | Reached XP level 14. HP: 103/110 MP: 21/21
 19428 | Lair:6   | Got a heavily jewelled robe
 19438 | Lair:6   | Identified the cursed +0 robe of Jigsaw {rC+ rN+} (You
                  | found it on level 6 of the Lair of Beasts)
 20224 | Orc:1    | Entered Level 1 of the Orcish Mines
 20405 | Orc:2    | Entered Level 2 of the Orcish Mines
 20405 | Orc:2    | Found a roughly hewn altar of Beogh.
 20455 | Orc:2    | Found a staircase to the Elven Halls.
 20662 | Orc:2    | Reached skill level 15 in Axes
 20693 | Orc:2    | Reached skill level 10 in Dodging
 20709 | Orc:2    | Found Ytew's Weapon Shoppe.
 20709 | Orc:2    | Found Otzuc's Armour Boutique.
 20710 | Orc:2    | Found Orodaz's Armour Shop.
 20710 | Orc:2    | Found Vaulebb's Gadget Shoppe.
 21216 | Orc:1    | Noticed Snorg
 21226 | Orc:1    | Killed Snorg
 22772 | D:12     | Reached XP level 15. HP: 118/118 MP: 7/23
 23332 | D:12     | Reached skill level 10 in Armour
 24126 | D:13     | Found a blossoming altar of Fedhas.
 24328 | D:14     | Noticed Nessos
 24328 | D:14     | Noticed Urug
 24360 | D:14     | Killed Nessos
 24472 | D:14     | Killed Urug
 24483 | D:14     | Found a gate to the Vaults.
 24517 | D:14     | Noticed Rupert
 24520 | D:14     | Paralysed by Rupert for 4 turns
 24542 | D:14     | Killed Rupert
 25400 | D:15     | Entered Level 15 of the Dungeon
 25826 | D:15     | Found a staircase to the Depths.
 26093 | Elf:1    | Entered Level 1 of the Elven Halls
 26142 | Elf:1    | Reached skill level 1 in Shields
 26431 | Elf:1    | Gained mutation: When low on magic, you restore magic in
                  | place of health. [demonic ancestry]
 26431 | Elf:1    | Reached XP level 16. HP: 127/127 MP: 25/25
 26453 | Elf:1    | Reached skill level 16 in Axes
 26595 | Elf:1    | Found a runed translucent gate.
 26595 | Elf:1    | Found a runed translucent gate.
 26595 | Elf:1    | Found a runed translucent gate.
 26595 | Elf:1    | Found a runed translucent gate.
 26595 | Elf:1    | Found a runed translucent gate.
 26596 | Elf:1    | Found a runed translucent gate.
 26596 | Elf:1    | Noticed a storm dragon
 27848 | Elf:1    | Killed a storm dragon
 28289 | Elf:2    | Reached skill level 10 in Evocations
 28434 | Elf:2    | Found a runed translucent gate.
 28434 | Elf:2    | Found a runed translucent gate.
 28434 | Elf:2    | Found a runed translucent gate.
 28615 | Elf:2    | Reached skill level 5 in Shields
 29349 | Elf:3    | Entered Level 3 of the Elven Halls
 29776 | Elf:3    | Noticed Bai Suzhen
 29790 | Elf:3    | Killed Bai Suzhen
 29790 | Elf:3    | Reached XP level 17. HP: 135/135 MP: 7/26
 30284 | Elf:3    | Noticed a deep elf blademaster
 30285 | Elf:3    | Noticed a deep elf master archer
 30290 | Elf:3    | Noticed a deep elf blademaster
 30299 | Elf:3    | Killed a deep elf blademaster
 30310 | Elf:3    | Killed a deep elf blademaster
 30468 | Elf:3    | Identified the cursed +1 leather armour of Soalij {rF+
                  | rC++}
 30477 | Elf:3    | Killed a deep elf master archer
 30587 | Elf:3    | Noticed a deep elf master archer
 30598 | Elf:3    | Killed a deep elf master archer
 31002 | Elf:3    | HP: 4/135 [blizzard demon][a deep elf demonologist] (16)]
 31003 | Elf:3    | Engulfed by a blizzard demon's freezing vapour

Illustrated notes

Levels and vault maps discovered:
D:1:      onia_arrival_pyramid, layout_basic
D:2:      layout_basic, lemuel_crystal_altar, lemuel_coloured_pillars_altar,
          overflow_temple_1_default
D:3:      layout_loops_ring, nicolae_overflow_crystal_walls,
          nicolae_overflow_hidden_temple, chequers_ecumenical_altar_island,
          st_stairs_11
D:4:      layout_loops_cross, first_ration, kennysheep_generic_room_5
D:5:      lemuel_ratsnest, layout_rooms, minmay_temple_entry_ruins,
          gup_sewer_entry_pipe, minmay_joined_circles
D:6:      layout_loops_corners, kennysheep_mini_moat,
          gammafunk_temple_overflow_elements, uniq_maggie
D:7:      layout_cave_pools, marbit_many_paths, corexii_checkpoint_b
D:8:      layout_cave_pools, gammafunk_temple_overflow_claw
D:9:      nicolae_whirlpool, layout_long_grid,
          nicolae_ru_great_annihilating_truth, grunt_ogre_cave,
          grunt_ministairs_7
D:10:     layout_irregular_city, minmay_lair_entry_grove, david_orc_2,
          gammafunk_ghost_hydra_chop, nicolae_trove_entry_crossroad, tso_altar
D:11:     layout_basic, minmay_misc_feat_nine_boxes,
          hangedman_decor_clover_reticule, nicolae_zen_rock_garden,
          grunt_ministairs_10
D:12:     layout_loops_cross, chequers_decorated_corner, minmay_shattered_shrine
D:13:     layout_basic, lemuel_tele_altar
D:14:     layout_loops_ring, david_vaults_3, roderic_three_in_a_row
D:15:     grunt_enter_depths_hoard, layout_cave_pools, chequers_mini_garden
Temple:   nicolae_temple_figure_zero
Lair:1:   layout_regular_city, st_stairs_13, serial_bayou_shore_a
Lair:2:   layout_cave_pods, grunt_megastairs_4, infiniplex_staircase_pool_2,
          uniq_harold
Lair:3:   layout_gridlike, nicolae_spider_entry_orb_guardian, zaba_antful_of_joy
Lair:4:   layout_gridlike, palyth_hydra_swamp_entry, grunt_megastairs_5,
          uniq_urug
Lair:5:   layout_regular_city, dpeg_oklob_1, grunt_megastairs_1
Lair:6:   grunt_lair_end_beastmaster, layout_concentric_octagons, slime_altar_1
Orc:1:    layout_diamond_mine, uniq_snorg
Orc:2:    st_orc_ogre_mass, layout_caves, basic_altar
Elf:1:    layout_onion_city, orc_legates
Elf:2:    layout_onion_city
Elf:3:    minmay_elf_hall, layout_loops_corners, grunt_ministairs_2,
          uniq_bai_suzhen

Skill      XL: |  1  2  3  4  5  6  7  8  9 10 11 12 13 14 15 16 |
---------------+-------------------------------------------------+-----
Stealth        | 2 3 4 |  4.0
Axes           | 3 4 5 6 7 8 10 11 14 15 16 | 16.4
Dodging        | 3 4 5 6 7 8 9 10 11 | 11.8
Throwing       | 1 2 3 5 6 7 |  7.1
Armour         | 1 2 3 4 5 6 7 8 9 10 11 | 11.4
Fighting       | 4 5 6 7 8 9 10 11 12 | 12.6
Invocations    | 3 5 7 8 10 11 12 | 12.0
Evocations     | 2 4 5 6 8 10 | 10.9
Shields        | 2 6 |  6.9

Action                   |  1- 3 |  4- 6 |  7- 9 | 10-12 | 13-15 | 16-18 || total
-------------------------+-------+-------+-------+-------+-------+-------++-------
Melee: Hand axe          |    60 |       |       |       |       |       ||    60
       Dagger            |    29 |       |       |       |       |       ||    29
       Quarterstaff      |    13 |    86 |       |       |       |       ||    99
       Headbutt          |     6 |    18 |    77 |    53 |   155 |    69 ||   378
       War axe           |       |    27 |   453 |    19 |       |       ||   499
       Battleaxe         |       |       |       |   282 |   585 |       ||   867
       Trident           |       |       |       |    67 |    52 |       ||   119
       Broad axe         |       |       |       |       |    33 |   324 ||   357
Throw: Javelin           |       |    14 |     4 |    16 |    45 |    78 ||   157
       Dart              |       |     3 |       |    26 |    21 |     2 ||    52
Invok: Grow Ballistomyce |       |       |     1 |     4 |     3 |     5 ||    13
       Wall of Briars    |       |       |       |     2 |     5 |     5 ||    12
       Grow Oklob        |       |       |       |     1 |     5 |    10 ||    16
Evoke: Wand              |       |       |     2 |     9 |       |       ||    11
  Use: Scroll            |       |       |    20 |    12 |    10 |     4 ||    46
       Potion            |       |       |       |       |       |     6 ||     6
 Stab: Sleeping          |     1 |     1 |     5 |    11 |    10 |     1 ||    29
       Distracted        |     1 |       |     1 |       |     4 |     3 ||     9
       Paralysed         |       |       |     3 |       |       |       ||     3
  Eat: Chunk             |     3 |     7 |    21 |    23 |    34 |    18 ||   106
       Ration            |       |     1 |       |       |       |       ||     1
Armor: Ring mail         |    46 |    48 |    98 |       |       |       ||   192
       Swamp dragon scal |       |       |    61 |   172 |   214 |       ||   447
       Scale mail        |       |       |       |       |    51 |    90 ||   141
Dodge: Dodged            |    69 |    96 |   332 |   328 |   544 |   112 ||  1481
Block: Kite shield       |       |       |       |       |     9 |   138 ||   147
